Map: Frozen Temple

Players

trutacz - Winner!

  • Race: Zerg Zerg
  • League: Master

Miszu

  • Race: Terran Terran
  • League: Master

VOD

Have the link to the VOD?

Description

Time

  • Played on: April 30, 2016, 6:33 p.m.
  • Length: 10:45
Show
View Real Time Build Order
Export as new Build Order

trutacz Zerg - Winner!

Build Orders: Hatch First 

Get SALT Encoding   

  12  0:01  Drone  
  13  0:12  Overlord  
  13  0:17  Drone  
  14  0:31  Drone  
  14  0:32  Drone  
  17  0:35  Drone  
  17  0:52  Hatchery  
  17  0:55  Drone  
  17  0:59  Drone  
  18  1:09  Extractor  
  17  1:15  Spawning Pool  
  17  1:17  Drone  
  17  1:20  Drone  
  18  1:28  Drone  
  19  1:41  Overlord  
  19  2:01  Queen  
  19  2:02  Zergling x4  
  19  2:04  Queen  
  19  2:05  Zergling x2  
  26  2:09  Metabolic Boost  
  26  2:14  Drone  
  26  2:15  Drone  
  28  2:28  Drone x2  
  30  2:33  Drone  
  30  2:55  Queen  
  30  2:56  Overlord  
  32  2:59  Drone  
  32  3:00  Drone x2  
  32  3:05  Overlord  
  35  3:08  Overlord  
  35  3:17  Overlord  
  34  3:21  Overlord  
  34  3:27  Lair  
  34  3:29  Hatchery  
  34  3:32  Drone x2  
  35  3:38  Drone  
  35  3:39  Drone  
  37  3:43  Overlord  
  37  3:53  Drone x3  
  39  3:56  Overlord  
  39  4:00  Roach Warren  
  38  4:05  Drone x2  
  40  4:10  Drone x2  
  40  4:13  Drone  
  42  4:21  Drone  
  42  4:22  Drone  
  44  4:25  Spore Crawler  
  44  4:28  Overseer  
  44  4:30  Drone x4, Spore Crawler  
  46  4:36  Extractor  
  46  4:37  Extractor  
  44  4:41  Queen  
  44  4:45  Glial Reconstitution  
  46  4:48  Drone  
  46  4:49  Drone x2  
  46  4:50  Overlord  
  49  4:53  Overlord  
  49  4:56  Overlord  
  49  4:59  Overlord  
  49  5:03  Overlord  
  49  5:12  Drone x2  
  49  5:13  Drone, Evolution Chamber  
  51  5:14  Evolution Chamber  
  51  5:19  Overlord  
  50  5:21  Overlord  
  50  5:26  Roach x2  
  50  5:28  Drone x2  
  56  5:30  Drone  
  56  5:33  Drone  
  56  5:34  Drone  
  59  5:40  Zerg Melee Weapons Level 1  
  59  5:42  Zerg Ground Armor Level 1  
  59  5:45  Drone x2  
  59  5:47  Drone  
  63  5:50  Drone  
  63  5:52  Drone x2  
  63  5:55  Drone  
  63  5:56  Drone x2  
  68  6:01  Extractor  
  68  6:02  Infestation Pit  
  68  6:03  Drone x2  
  69  6:04  Drone  
  69  6:10  Overlord  
  69  6:14  Drone x3  
  69  6:15  Drone x3  
  75  6:19  Drone x3  
  75  6:24  Extractor  
  75  6:25  Extractor  
  76  6:34  Roach x3  
  76  6:36  Hatchery  
  76  6:39  Hive  
  81  6:42  Pathogen Glands  
  81  6:44  Roach  
  83  6:49  Overlord  
  83  6:55  Zergling x2  
  83  6:56  Zergling x18  
  93  7:12  Hatchery  
  93  7:15  Overlord  
  92  7:29  Roach x3  
  102  7:30  Overlord, Roach x3  
  102  7:31  Infestor x2  
  102  7:35  Overlord  
  102  7:36  Overlord  
  108  7:38  Zerg Ground Armor Level 2, Zerg Melee Weapons Level 2  
  108  7:46  Queen  
  108  7:47  Overlord  
  108  7:50  Overlord  
  107  7:59  Overlord  
  107  8:00  Ultralisk Cavern  
  107  8:02  Overlord  
  107  8:03  Overlord  
  107  8:05  Overlord  
  104  8:12  Drone x2  
  106  8:16  Zergling x6  
  106  8:17  Zergling x14  
  116  8:21  Ravager x6  
  116  8:23  Overlord  
  122  8:36  Roach  
  122  8:37  Roach x7  
  135  8:47  Zergling x6  
  135  8:48  Zergling x6  
  120  8:50  Zergling x2  
  120  8:51  Chitinous Plating  
  124  8:55  Ultralisk  
  124  9:04  Ultralisk  
  124  9:06  Zergling x2  
  108  9:17  Zergling x16  
  108  9:18  Zergling x6  
  119  9:31  Ultralisk  
  125  9:33  Drone  
  125  9:34  Drone x4  
  130  9:42  Ultralisk  
  136  9:47  Infestor x2  
  137  9:56  Zergling x14  
  137  9:57  Zergling x2  
  137  10:03  Ultralisk  
  140  10:10  Zergling x4  
  140  10:11  Zergling x4  
  140  10:14  Zergling x4  
  150  10:26  Zergling x6  
Show
View Real Time Build Order
Export as new Build Order

Miszu Terran 

Build Orders: Liberator Opening, Reaper Expand, MMM Bio 

Get SALT Encoding   

  12  0:00  SCV  
  13  0:12  SCV  
  14  0:18  Supply Depot  
  14  0:24  SCV  
  15  0:40  SCV  
  15  0:41  Barracks  
  16  0:45  Refinery  
  16  0:52  SCV  
  17  1:04  SCV  
  18  1:16  SCV  
  19  1:29  Orbital Command  
  19  1:30  Reaper  
  20  1:41  Command Center  
  20  1:50  Supply Depot  
  20  1:54  SCV  
  20  1:56  Refinery  
  21  2:02  Marine  
  21  2:06  SCV  
  23  2:14  Factory  
  23  2:18  SCV  
  24  2:25  Barracks Reactor  
  24  2:31  SCV  
  25  2:43  SCV  
  26  2:57  SCV  
  27  2:58  Starport  
  27  3:00  Orbital Command  
  27  3:05  Marine x2  
  27  3:06  Factory Tech Lab  
  27  3:09  SCV  
  30  3:21  SCV  
  30  3:22  Liberator  
  30  3:23  Marine  
  30  3:26  SCV  
  32  3:27  Bunker  
  32  3:30  Siege Tank  
  32  3:31  Marine  
  32  3:33  SCV  
  37  3:38  SCV  
  41  3:45  SCV  
  40  3:55  SCV  
  39  4:01  SCV  
  39  4:07  SCV  
  40  4:11  Command Center  
  40  4:13  SCV  
  41  4:19  SCV  
  45  4:25  SCV  
  46  4:32  Barracks x2  
  46  4:38  Supply Depot  
  46  4:40  Supply Depot  
  46  4:41  SCV x2  
  46  4:42  Starport Reactor  
  45  4:53  Engineering Bay x2, SCV  
  45  4:55  Refinery  
  45  4:56  Refinery  
  45  4:59  Marine  
  46  5:00  SCV  
  46  5:05  SCV  
  46  5:06  Barracks  
  49  5:08  Barracks  
  49  5:12  SCV  
  50  5:17  SCV  
  51  5:22  Marine x2  
  51  5:23  Barracks Tech Lab x2  
  51  5:24  Orbital Command  
  51  5:27  SCV  
  51  5:28  Terran Infantry Weapons Level 1, Terran Infantry Armor Level 1  
  54  5:30  SCV  
  55  5:35  Medivac  
  55  5:39  Marine, SCV  
  55  5:40  Medivac  
  61  5:46  Combat Shields  
  61  5:47  Stimpack  
  61  5:52  Factory Reactor, Orbital Command  
  61  5:53  Marine  
  61  5:55  Barracks Reactor  
  61  5:56  Barracks Reactor  
  62  5:58  SCV  
  62  6:01  Marine x2, Marauder  
  62  6:03  SCV  
  68  6:10  SCV  
  68  6:11  Marine  
  67  6:15  SCV  
  68  6:19  Marine x2  
  68  6:21  SCV  
  68  6:22  Marine, SCV  
  73  6:27  SCV  
  73  6:28  Marine  
  73  6:31  Supply Depot x2  
  75  6:33  SCV  
  75  6:34  SCV  
  75  6:36  Armory  
  77  6:46  Supply Depot  
  77  6:52  Marine x7, Medivac x2, Marauder, SCV x2  
  93  7:00  Supply Depot, SCV  
  92  7:04  SCV  
  92  7:07  Barracks x2, SCV  
  94  7:09  Barracks  
  94  7:10  Marine x2, Marauder  
  94  7:11  Marine  
  94  7:12  Marine x2  
  101  7:17  SCV  
  101  7:22  Supply Depot, Marine x2, Siege Tank  
  106  7:24  Supply Depot  
  106  7:26  SCV x2  
  106  7:27  Supply Depot, Marine  
  106  7:29  SCV  
  108  7:31  Marine x2  
  108  7:32  Marauder  
  112  7:41  Marine  
  111  7:51  Liberator x2  
  110  7:52  Marine  
  110  7:53  Marine x6  
  114  7:59  Marine  
  114  8:03  Siege Tank  
  112  8:10  Marine x4  
  112  8:11  Marine x2, Marauder  
  112  8:12  Barracks  
  126  8:13  Barracks  
  126  8:17  Marine, SCV  
  126  8:18  Supply Depot  
  128  8:21  Barracks  
  128  8:23  Barracks Reactor x2  
  128  8:24  Barracks Tech Lab x2  
  128  8:25  Barracks Tech Lab  
  128  8:27  Command Center, Barracks  
  128  8:29  Marauder  
  128  8:30  Refinery  
  128  8:33  Refinery  
  109  8:50  Marine  
  109  8:51  Marine x6  
  109  8:52  Medivac, Siege Tank  
  121  8:58  Marauder x2  
  121  8:59  Marauder  
  121  9:01  Liberator  
  123  9:05  Liberator  
  123  9:06  Marauder  
  123  9:08  Marine  
  123  9:09  Marauder  
  117  9:15  Marine x2  
  115  9:20  Marauder  
  120  9:24  Starport  
  120  9:31  Marauder x4  
  126  9:37  Marine  
  126  9:38  Marine x5  
  132  9:41  Marauder  
  132  9:43  SCV x3  
  137  9:52  Marauder  
  135  9:55  SCV  
  115  10:12  SCV x2  
Tags
 
Add a new tag
Caveats
  • Supply blocks, unpowered buildings, or Contaminate may cause inaccurate times.
  • Supply counts are checked every 10 seconds.